Map: Overgrown Facility

Players

ToD

  • Race: Protoss Protoss
  • League: Master
  • Spawn Location: 3:00

RotterdaM - Winner!

  • Race: Protoss Protoss
  • League: Master
  • Spawn Location: 9:00

Wardí

  • Race: Terran Terran
  • League: Master
  • Spawn Location: 1:00

Narde - Winner!

  • Race: Terran Terran
  • Spawn Location: 7:00

Event: HomeStory Cup XVI

VOD

Have the link to the VOD?

Description

Time

  • Played on: Nov. 10, 2017, 11:56 a.m.
  • Length: 12:20
Show
View Real Time Build Order
Export as new Build Order

ToD Protoss 

Build Orders: Blink Stalkers 

Get SALT Encoding   

  12  0:02  Probe (Chrono Boost)  
  14  0:15  Probe (Chrono Boost)  
  14  0:21  Pylon  
  14  0:27  Probe (Chrono Boost)  
  15  0:37  Probe (Chrono Boost)  
  16  0:46  Gateway, Probe (Chrono Boost)  
  17  0:54  Assimilator  
  18  0:58  Assimilator, Probe (Chrono Boost)  
  18  1:10  Probe (Chrono Boost)  
  19  1:23  Probe (Chrono Boost)  
  19  1:24  Pylon  
  20  1:35  Probe (Chrono Boost)  
  20  1:36  Cybernetics Core  
  20  1:37  Zealot  
  24  1:47  Probe (Chrono Boost)  
  24  1:52  Assimilator  
  24  1:53  Warp Gate  
  24  1:59  Probe (Chrono Boost)  
  26  2:16  Stalker, Twilight Council  
  27  2:34  Probe (Chrono Boost)  
  28  2:39  Blink  
  28  2:52  Gateway  
  28  2:54  Gateway  
  28  3:00  Pylon  
  28  3:08  Stalker  
  30  3:21  Gateway  
  30  3:28  Pylon  
  30  3:50  Shield Battery  
  30  3:56  Stalker x3  
  36  4:17  Stalker  
  36  4:18  Dark Shrine  
  36  4:23  Stalker  
  40  4:32  Stalker  
  42  4:43  Stalker  
  44  5:00  Stalker  
  44  5:05  Pylon  
  38  5:26  Stalker x3  
  40  5:32  Stalker  
  40  5:56  Dark Templar  
  30  6:06  Stalker x3  
  36  6:30  Dark Templar  
  38  6:46  Stalker  
  40  6:50  Nexus  
  40  6:59  Stalker  
  42  7:03  Stalker  
  44  7:18  Pylon  
  44  7:30  Stalker  
  42  7:42  Dark Templar  
  44  7:55  Stalker x2  
  44  7:58  Probe (Chrono Boost)  
  48  7:59  Probe (Chrono Boost)  
  48  8:04  Probe (Chrono Boost)  
  50  8:07  Probe (Chrono Boost)  
  50  8:15  Probe (Chrono Boost)  
  51  8:20  Dark Templar  
  53  8:27  Dark Templar  
  53  8:30  Charge  
  52  8:37  Probe (Chrono Boost)  
  52  8:39  Gateway  
  51  8:53  Stalker  
  53  9:06  Zealot x2  
  58  9:11  Probe (Chrono Boost)  
  58  9:12  Probe (Chrono Boost)  
  55  9:17  Dark Templar  
  51  9:35  Zealot  
  51  9:36  Zealot  
  43  9:52  Stalker x2, Sentry  
  49  9:59  Shield Battery  
  49  10:01  Assimilator  
  49  10:02  Pylon  
  49  10:04  Stalker  
  51  10:08  Robotics Facility  
  52  10:15  Probe (Chrono Boost)  
  52  10:16  Probe (Chrono Boost), Pylon  
  53  10:23  Pylon  
  53  10:27  Probe (Chrono Boost)  
  53  10:28  Probe (Chrono Boost)  
  55  10:30  Assimilator  
  55  10:42  Dark Templar  
  57  10:45  Immortal  
  57  10:58  Stalker x3  
  67  11:17  Stalker  
  53  11:37  Stalker  
  53  11:38  Stalker x2  
  59  11:44  Stalker  
  61  11:58  Zealot  
  61  11:59  Zealot  
  61  12:01  Zealot  
Show
View Real Time Build Order
Export as new Build Order

RotterdaM Protoss - Winner!

Build Orders: 1 Gate Expand 

Get SALT Encoding   

  12  0:02  Probe (Chrono Boost)  
  14  0:14  Probe (Chrono Boost)  
  14  0:21  Pylon  
  14  0:26  Probe (Chrono Boost)  
  15  0:40  Gateway, Probe (Chrono Boost)  
  16  0:45  Assimilator  
  16  0:53  Probe (Chrono Boost)  
  17  1:03  Probe (Chrono Boost)  
  18  1:09  Probe (Chrono Boost)  
  19  1:19  Probe (Chrono Boost)  
  20  1:27  Cybernetics Core  
  20  1:38  Nexus  
  20  1:48  Pylon  
  20  1:50  Probe (Chrono Boost)  
  21  1:55  Warp Gate  
  21  1:57  Zealot  
  23  2:10  Probe (Chrono Boost)  
  24  2:16  Gateway  
  25  2:22  Probe (Chrono Boost)  
  25  2:24  Stalker  
  27  2:30  Pylon  
  27  2:34  Probe (Chrono Boost)  
  28  2:47  Probe (Chrono Boost), Robotics Facility  
  29  2:53  Probe (Chrono Boost)  
  31  2:58  Stalker  
  31  2:59  Probe x2 (Chrono Boost)  
  34  3:11  Probe (Chrono Boost)  
  35  3:13  Stalker, Probe (Chrono Boost)  
  35  3:18  Assimilator  
  35  3:19  Probe (Chrono Boost)  
  38  3:23  Probe (Chrono Boost)  
  40  3:32  Assimilator  
  41  3:35  Probe (Chrono Boost)  
  41  3:36  Shield Battery  
  41  3:39  Observer  
  43  3:42  Probe (Chrono Boost)  
  43  3:47  Probe (Chrono Boost), Pylon  
  44  3:53  Pylon  
  44  3:54  Probe (Chrono Boost)  
  45  4:00  Zealot, Probe (Chrono Boost)  
  49  4:02  Pylon  
  49  4:09  Twilight Council  
  48  4:12  Observer  
  49  4:17  Stalker  
  49  4:19  Probe (Chrono Boost)  
  49  4:21  Probe (Chrono Boost)  
  53  4:25  Probe (Chrono Boost)  
  53  4:26  Forge  
  53  4:27  Probe (Chrono Boost)  
  55  4:34  Stalker  
  55  4:35  Probe (Chrono Boost)  
  55  4:36  Blink  
  59  4:39  Probe (Chrono Boost)  
  59  4:43  Gateway  
  59  4:51  Stalker  
  59  5:04  Immortal  
  63  5:09  Pylon  
  63  5:12  Stalker  
  61  5:21  Pylon  
  61  5:29  Pylon  
  61  5:33  Probe (Chrono Boost)  
  61  5:39  Probe (Chrono Boost)  
  61  5:40  Pylon  
  61  5:41  Protoss Ground Weapons Level 1  
  61  5:42  Gateway x2  
  61  5:43  Immortal  
  61  5:48  Stalker x2  
  66  5:51  Probe (Chrono Boost)  
  66  5:55  Zealot  
  63  6:04  Probe x2 (Chrono Boost)  
  63  6:09  Gateway  
  63  6:16  Probe x2 (Chrono Boost)  
  63  6:17  Stalker, Zealot, Charge  
  69  6:19  Zealot  
  69  6:28  Probe (Chrono Boost)  
  70  6:39  Zealot x2  
  74  6:45  Probe (Chrono Boost)  
  75  6:49  Probe (Chrono Boost)  
  75  6:52  Observer  
  77  6:55  Nexus  
  77  6:56  Pylon  
  77  7:02  Zealot x5  
  87  7:13  Stalker  
  88  7:27  Stalker  
  88  7:28  Stalker x3  
  91  7:37  Probe x2 (Chrono Boost)  
  91  7:38  Protoss Ground Weapons Level 2  
  88  7:54  Zealot  
  92  7:58  Probe (Chrono Boost)  
  92  7:59  Probe (Chrono Boost)  
  92  8:07  Zealot  
  92  8:08  Zealot x2  
  100  8:13  Probe x2 (Chrono Boost)  
  100  8:15  Observer  
  100  8:18  Photon Cannon  
  101  8:21  Probe (Chrono Boost)  
  94  8:32  Observer  
  89  8:38  Stalker  
  89  8:39  Stalker, Zealot  
  89  8:40  Zealot x3  
  102  8:45  Probe x3 (Chrono Boost)  
  105  8:54  Gateway  
  105  8:56  Gateway  
  105  9:00  Stalker x3  
  111  9:06  Probe (Chrono Boost)  
  111  9:08  Warp Prism  
  114  9:20  Zealot  
  116  9:24  Pylon  
  116  9:28  Pylon  
  116  9:31  Pylon  
  110  9:35  Stalker x3  
  110  9:36  Stalker x2  
  102  9:45  Observer, Probe (Chrono Boost)  
  96  9:47  Probe x2 (Chrono Boost)  
  96  9:58  Gateway x2  
  96  10:09  Pylon  
  96  10:15  Zealot x2  
  96  10:16  Zealot, Nexus  
  96  10:18  Gateway  
  96  10:19  Zealot  
  96  10:20  Zealot  
  106  10:25  Warp Prism  
  108  10:30  Pylon  
  108  10:37  Zealot  
  108  10:38  Zealot x4  
  108  10:39  Zealot  
  100  10:51  Zealot x2  
  100  10:52  Zealot  
  100  10:54  Stalker  
  100  10:55  Stalker x2  
  104  11:03  Zealot x2  
  104  11:04  Zealot x5  
  118  11:15  Zealot  
  118  11:18  Observer  
  121  11:19  Photon Cannon  
  121  11:21  Zealot x2  
  125  11:37  Stalker  
  125  11:39  Stalker x3, Observer  
  134  11:40  Stalker x2  
  138  11:49  Probe (Chrono Boost)  
Show
View Real Time Build Order
Export as new Build Order

Wardí Terran 

Build Orders:  

Get SALT Encoding   

  12  0:00  SCV  
  13  0:12  SCV  
  14  0:18  Supply Depot  
  14  0:25  SCV  
  15  0:30  Refinery  
  15  0:40  SCV  
  16  0:46  Barracks  
  16  0:53  SCV  
  17  1:02  Refinery  
  17  1:05  SCV  
  18  1:20  SCV  
  19  1:33  Reaper, Orbital Command  
  19  1:36  Supply Depot  
  20  1:46  Factory  
  21  2:01  SCV  
  21  2:06  Barracks Reactor  
  21  2:13  SCV  
  22  2:28  SCV  
  23  2:35  Widow Mine  
  23  2:36  Starport  
  25  2:46  SCV  
  25  2:48  Marine x2  
  27  3:00  SCV  
  27  3:03  Command Center  
  27  3:15  Marine x2  
  27  3:17  Factory Tech Lab  
  29  3:20  SCV  
  31  3:45  Supply Depot  
  31  3:49  SCV  
  31  4:00  Supply Depot  
  31  4:06  Medivac, Siege Tank, Marine x2  
  31  4:07  SCV  
  39  4:19  Liberator  
  39  4:21  SCV  
  39  4:22  Orbital Command  
  39  4:26  Marine x2  
  44  4:40  Siege Tank  
  47  4:48  Marine x2  
  47  4:49  SCV x2  
  51  5:01  Supply Depot  
  51  5:02  Supply Depot  
  51  5:04  Engineering Bay  
  44  5:07  Liberator  
  44  5:14  Siege Tank, Marine x2  
  49  5:35  Marine x2  
  49  5:36  SCV  
  49  5:37  SCV  
  49  5:39  Terran Infantry Weapons Level 1  
  52  5:53  SCV x2  
  52  5:54  Marine x2  
  54  5:59  Liberator  
  50  6:10  Siege Tank  
  53  6:13  Marine x2  
  53  6:14  SCV x2  
  60  6:18  Barracks  
  60  6:19  Barracks  
  54  6:36  SCV x2, Marine x2  
  58  6:44  Siege Tank  
  61  6:55  Marine x2  
  61  6:57  SCV x2  
  65  7:04  Barracks, Starport Reactor  
  65  7:06  Barracks  
  65  7:16  Marine x2  
  65  7:17  Barracks Tech Lab  
  65  7:18  Barracks Tech Lab  
  65  7:19  SCV x2  
  65  7:20  Refinery  
  65  7:21  Refinery  
  69  7:31  SCV, Siege Tank  
  69  7:32  SCV  
  69  7:34  Marine  
  75  7:37  Supply Depot  
  75  7:38  Terran Infantry Armor Level 1  
  75  7:39  Supply Depot  
  75  7:41  Marine  
  75  7:43  SCV  
  77  7:44  Stimpack, Command Center  
  77  7:48  Marine x2  
  77  7:50  Combat Shields  
  76  8:01  SCV x2  
  76  8:02  Barracks Reactor, Marine x2  
  76  8:03  Barracks Reactor  
  80  8:10  Marine x2  
  82  8:13  SCV x2  
  82  8:16  Supply Depot x2  
  72  8:31  Marine x3  
  72  8:32  Medivac x2, Siege Tank, Marine  
  74  8:37  SCV x2  
  74  8:40  Marine x3  
  79  8:44  Marine  
  80  8:49  Marine  
  80  8:52  Marine x3  
  84  8:56  SCV x2  
  84  8:58  Marine x2  
  88  9:13  Marine x5  
  88  9:14  Medivac x2, Siege Tank  
  88  9:16  SCV x2  
  93  9:36  Marine x6  
  93  9:37  Marine  
  59  9:55  Marine x2  
  59  9:56  Marine x5  
  66  10:00  Marine  
  67  10:09  Siege Tank  
  67  10:13  Marine x2  
  73  10:20  Armory  
  73  10:32  Marine x5  
  77  10:37  SCV x2  
Show
View Real Time Build Order
Export as new Build Order

Narde Terran - Winner!

Build Orders: Reaper Expand, MMM Bio 

Get SALT Encoding   

  12  0:00  SCV  
  13  0:12  SCV  
  14  0:23  Supply Depot  
  14  0:25  SCV  
  15  0:44  SCV  
  15  0:46  Barracks  
  16  0:52  Refinery  
  16  0:56  SCV  
  17  1:08  SCV  
  18  1:21  SCV  
  19  1:34  Orbital Command  
  19  1:36  Reaper  
  20  1:47  Command Center  
  20  1:59  SCV  
  21  2:09  Barracks Reactor  
  21  2:11  SCV  
  22  2:19  Supply Depot  
  22  2:20  Barracks  
  22  2:24  SCV  
  22  2:27  Refinery  
  23  2:41  SCV  
  24  2:51  Marine x2  
  26  2:53  SCV  
  27  3:05  SCV  
  28  3:09  Barracks Tech Lab  
  28  3:10  Factory  
  28  3:12  Orbital Command  
  28  3:14  Marine x2  
  28  3:17  SCV  
  30  3:27  Marine  
  30  3:28  Stimpack  
  30  3:29  SCV  
  30  3:32  Marine x2  
  34  3:40  SCV  
  35  3:47  Marine  
  36  3:55  Starport, Factory Reactor  
  36  3:56  Marine x2  
  36  3:58  SCV  
  39  4:03  Engineering Bay  
  39  4:05  Marine  
  40  4:13  SCV x2  
  40  4:14  Marine x2  
  44  4:23  Marine  
  45  4:25  SCV  
  46  4:32  Supply Depot  
  46  4:34  Supply Depot  
  46  4:48  SCV x2  
  46  4:52  Missile Turret  
  48  4:55  Medivac x2  
  48  4:56  Cyclone  
  55  5:01  Marine x2  
  55  5:05  Marauder, SCV  
  55  5:06  SCV  
  48  5:34  Marine x3  
  50  5:39  Combat Shields  
  50  5:41  Supply Depot, Factory Tech Lab  
  50  5:43  SCV  
  50  5:44  SCV  
  50  5:46  Refinery  
  50  5:52  Marine x2  
  50  5:53  Marauder  
  54  6:00  Siege Tank  
  54  6:01  SCV  
  54  6:03  Supply Depot  
  54  6:04  Supply Depot  
  58  6:06  Terran Infantry Weapons Level 1  
  58  6:09  SCV, Marine x2  
  61  6:12  Refinery  
  61  6:13  SCV  
  61  6:14  Marauder  
  64  6:19  Medivac  
  64  6:22  SCV  
  67  6:25  SCV  
  67  6:27  Marine x2  
  70  6:34  SCV  
  70  6:35  Marauder, Siege Tank  
  70  6:37  SCV  
  77  6:41  Barracks  
  77  6:43  Command Center  
  77  6:44  Barracks  
  77  6:46  SCV  
  78  6:48  Marine x2  
  78  6:50  SCV  
  81  6:58  SCV  
  81  7:00  Marauder  
  84  7:02  SCV  
  84  7:06  Marine x2  
  84  7:07  Supply Depot  
  87  7:10  SCV  
  87  7:14  SCV  
  87  7:19  Siege Tank  
  87  7:22  Marauder, SCV  
  77  7:40  SCV x2  
  77  7:41  Marine x3  
  77  7:42  Marine  
  77  7:43  Marauder  
  80  7:52  SCV  
  80  7:56  Siege Tank  
  80  7:57  SCV  
  85  8:04  Command Center, Barracks Reactor, SCV  
  85  8:05  Marauder  
  88  8:06  Barracks Tech Lab  
  88  8:08  Concussive Shells  
  88  8:09  SCV  
  89  8:14  Missile Turret, Engineering Bay  
  89  8:16  SCV  
  89  8:19  Supply Depot  
  90  8:21  SCV  
  90  8:26  Marauder  
  93  8:30  Medivac x2  
  93  8:31  Siege Tank  
  93  8:33  Supply Depot  
  100  8:37  Marauder, Marine x2  
  100  8:45  Marine  
  100  8:47  Marauder  
  99  8:54  SCV  
  100  8:59  Marauder  
  100  9:02  SCV  
  102  9:06  SCV  
  102  9:08  Marine x4  
  102  9:09  Marauder  
  101  9:20  Marauder  
  101  9:22  SCV  
  98  9:25  Marine  
  98  9:30  Marauder  
  85  9:39  Marine  
  85  9:41  Marauder  
  86  9:51  Marauder  
  88  9:59  Marine  
  88  10:02  SCV  
  88  10:03  Marauder  
  88  10:06  Terran Infantry Armor Level 1  
  92  10:13  Marauder  
  94  10:22  Marine x3  
  94  10:24  Marauder  
  99  10:29  Planetary Fortress  
  99  10:34  Marauder  
  101  10:45  Marauder  
  101  10:48  Marine x3  
  102  10:50  Siege Tank  
  102  10:51  SCV x2  
  102  10:56  Marauder  
  109  11:02  Medivac x2  
  109  11:03  SCV x2  
  115  11:07  Marauder  
  111  11:17  Marauder  
  111  11:18  Missile Turret  
  107  11:28  Marauder  
  104  11:44  Marauder, Marine x4  
  104  11:45  Medivac  
  112  11:50  Marauder  
  114  12:02  Marine  
Tags
 
Add a new tag
Caveats
  • Supply blocks, unpowered buildings, or Contaminate may cause inaccurate times.
  • Supply counts are checked every 10 seconds.